%YAML 1.1
%TAG !u! tag:unity3d.com,2011:
--- !u!1 &516359952590747372
GameObject:
  m_ObjectHideFlags: 0
  m_CorrespondingSourceObject: {fileID: 0}
  m_PrefabInstance: {fileID: 0}
  m_PrefabAsset: {fileID: 0}
  serializedVersion: 6
  m_Component:
  - component: {fileID: 2558590531652433903}
  - component: {fileID: 8381485109655426394}
  - component: {fileID: 8482192923673960260}
  - component: {fileID: 2362875647783685190}
  - component: {fileID: 3221826363583102171}
  m_Layer: 0
  m_Name: Ship-7
  m_TagString: Untagged
  m_Icon: {fileID: 0}
  m_NavMeshLayer: 0
  m_StaticEditorFlags: 0
  m_IsActive: 1
--- !u!4 &2558590531652433903
Transform:
  m_ObjectHideFlags: 0
  m_CorrespondingSourceObject: {fileID: 0}
  m_PrefabInstance: {fileID: 0}
  m_PrefabAsset: {fileID: 0}
  m_GameObject: {fileID: 516359952590747372}
  m_LocalRotation: {x: 0, y: 0, z: 0, w: 1}
  m_LocalPosition: {x: 0, y: 0, z: 0}
  m_LocalScale: {x: 1, y: 1, z: 1}
  m_Children:
  - {fileID: 2652938262316928180}
  - {fileID: 5569469559056526642}
  - {fileID: 9218420040434923024}
  - {fileID: 7850149037023701973}
  - {fileID: 8242510461958743095}
  m_Father: {fileID: 0}
  m_RootOrder: 0
  m_LocalEulerAnglesHint: {x: 0, y: 0, z: 0}
--- !u!50 &8381485109655426394
Rigidbody2D:
  serializedVersion: 4
  m_ObjectHideFlags: 0
  m_CorrespondingSourceObject: {fileID: 0}
  m_PrefabInstance: {fileID: 0}
  m_PrefabAsset: {fileID: 0}
  m_GameObject: {fileID: 516359952590747372}
  m_BodyType: 1
  m_Simulated: 1
  m_UseFullKinematicContacts: 0
  m_UseAutoMass: 0
  m_Mass: 1
  m_LinearDrag: 0
  m_AngularDrag: 0.05
  m_GravityScale: 1
  m_Material: {fileID: 0}
  m_Interpolate: 0
  m_SleepingMode: 1
  m_CollisionDetection: 0
  m_Constraints: 0
--- !u!114 &8482192923673960260
MonoBehaviour:
  m_ObjectHideFlags: 0
  m_CorrespondingSourceObject: {fileID: 0}
  m_PrefabInstance: {fileID: 0}
  m_PrefabAsset: {fileID: 0}
  m_GameObject: {fileID: 516359952590747372}
  m_Enabled: 1
  m_EditorHideFlags: 0
  m_Script: {fileID: 11500000, guid: 59e0119a49f26dd4eb864a7075fcc19c, type: 3}
  m_Name: 
  m_EditorClassIdentifier: 
  shipBehavior: {fileID: 3221826363583102171}
  healthBase: 1
  healthTemp: 0
--- !u!114 &2362875647783685190
MonoBehaviour:
  m_ObjectHideFlags: 0
  m_CorrespondingSourceObject: {fileID: 0}
  m_PrefabInstance: {fileID: 0}
  m_PrefabAsset: {fileID: 0}
  m_GameObject: {fileID: 516359952590747372}
  m_Enabled: 1
  m_EditorHideFlags: 0
  m_Script: {fileID: 11500000, guid: 84ce5920819e23f4787bee7ef38e55e3, type: 3}
  m_Name: 
  m_EditorClassIdentifier: 
  col2D: {fileID: 2766778415614773833}
--- !u!114 &3221826363583102171
MonoBehaviour:
  m_ObjectHideFlags: 0
  m_CorrespondingSourceObject: {fileID: 0}
  m_PrefabInstance: {fileID: 0}
  m_PrefabAsset: {fileID: 0}
  m_GameObject: {fileID: 516359952590747372}
  m_Enabled: 1
  m_EditorHideFlags: 0
  m_Script: {fileID: 11500000, guid: 292ab9d1d6ef95b4ea493005fde10f09, type: 3}
  m_Name: 
  m_EditorClassIdentifier: 
  archon: 2
  idShip: 6
  status: 1
  skeAnimation: {fileID: 8787011203966680862}
  bulletsData: {fileID: 11400000, guid: 367dc547efc12ed40ad1a719705b4607, type: 2}
  rankAttackData: {fileID: 11400000, guid: 777ed14dbe6e1f64d97462df685f6aa3, type: 2}
  bulletLevelsPositionData: {fileID: 11400000, guid: f5973077661ee45fc8d1a0da1c354f10,
    type: 2}
  psFire: {fileID: 9016252048444707106}
  shipStats: {fileID: 8482192923673960260}
  shipCollider: {fileID: 7320945575279536775}
  shipMovement: {fileID: 2362875647783685190}
  efExplosion: {fileID: 1746315176740370, guid: 36ca58a860b49af4ea8c3545d5025c9a,
    type: 3}
  goSuperEf: {fileID: 7846640237730723205}
  psSuperGlowEf: {fileID: 7936464447557613719}
  psSuperLoopEf: {fileID: 7952848118621656183}
  psGetItem: {fileID: 8242510461958802021}
  idBullet: 12
  typeAttack: 0
--- !u!1 &1177555846578308003
GameObject:
  m_ObjectHideFlags: 0
  m_CorrespondingSourceObject: {fileID: 0}
  m_PrefabInstance: {fileID: 0}
  m_PrefabAsset: {fileID: 0}
  serializedVersion: 6
  m_Component:
  - component: {fileID: 2652938262316928180}
  - component: {fileID: 8698574919166286247}
  - component: {fileID: 354287262433272162}
  - component: {fileID: 8787011203966680862}
  m_Layer: 0
  m_Name: Animation
  m_TagString: Untagged
  m_Icon: {fileID: 0}
  m_NavMeshLayer: 0
  m_StaticEditorFlags: 0
  m_IsActive: 1
--- !u!4 &2652938262316928180
Transform:
  m_ObjectHideFlags: 0
  m_CorrespondingSourceObject: {fileID: 0}
  m_PrefabInstance: {fileID: 0}
  m_PrefabAsset: {fileID: 0}
  m_GameObject: {fileID: 1177555846578308003}
  m_LocalRotation: {x: -0, y: -0, z: -0, w: 1}
  m_LocalPosition: {x: 0, y: -0.4, z: 0}
  m_LocalScale: {x: 0.45, y: 0.45, z: 0.62}
  m_Children: []
  m_Father: {fileID: 2558590531652433903}
  m_RootOrder: 0
  m_LocalEulerAnglesHint: {x: 0, y: 0, z: 0}
--- !u!33 &8698574919166286247
MeshFilter:
  m_ObjectHideFlags: 0
  m_CorrespondingSourceObject: {fileID: 0}
  m_PrefabInstance: {fileID: 0}
  m_PrefabAsset: {fileID: 0}
  m_GameObject: {fileID: 1177555846578308003}
  m_Mesh: {fileID: 0}
--- !u!23 &354287262433272162
MeshRenderer:
  m_ObjectHideFlags: 0
  m_CorrespondingSourceObject: {fileID: 0}
  m_PrefabInstance: {fileID: 0}
  m_PrefabAsset: {fileID: 0}
  m_GameObject: {fileID: 1177555846578308003}
  m_Enabled: 1
  m_CastShadows: 1
  m_ReceiveShadows: 1
  m_DynamicOccludee: 1
  m_MotionVectors: 1
  m_LightProbeUsage: 1
  m_ReflectionProbeUsage: 1
  m_RayTracingMode: 2
  m_RenderingLayerMask: 1
  m_RendererPriority: 0
  m_Materials:
  - {fileID: 2100000, guid: 35d39158ed1bb5b44a39ee4b83945aca, type: 2}
  m_StaticBatchInfo:
    firstSubMesh: 0
    subMeshCount: 0
  m_StaticBatchRoot: {fileID: 0}
  m_ProbeAnchor: {fileID: 0}
  m_LightProbeVolumeOverride: {fileID: 0}
  m_ScaleInLightmap: 1
  m_ReceiveGI: 1
  m_PreserveUVs: 0
  m_IgnoreNormalsForChartDetection: 0
  m_ImportantGI: 0
  m_StitchLightmapSeams: 1
  m_SelectedEditorRenderState: 3
  m_MinimumChartSize: 4
  m_AutoUVMaxDistance: 0.5
  m_AutoUVMaxAngle: 89
  m_LightmapParameters: {fileID: 0}
  m_SortingLayerID: 2023851257
  m_SortingLayer: 1
  m_SortingOrder: 0
--- !u!114 &8787011203966680862
MonoBehaviour:
  m_ObjectHideFlags: 0
  m_CorrespondingSourceObject: {fileID: 0}
  m_PrefabInstance: {fileID: 0}
  m_PrefabAsset: {fileID: 0}
  m_GameObject: {fileID: 1177555846578308003}
  m_Enabled: 1
  m_EditorHideFlags: 0
  m_Script: {fileID: 11500000, guid: d247ba06193faa74d9335f5481b2b56c, type: 3}
  m_Name: 
  m_EditorClassIdentifier: 
  skeletonDataAsset: {fileID: 11400000, guid: 4494b9b5e7fed93449f4400482bfdcba, type: 2}
  initialSkinName: Skin_Lv0
  initialFlipX: 0
  initialFlipY: 0
  separatorSlotNames: []
  zSpacing: 0
  useClipping: 1
  immutableTriangles: 0
  pmaVertexColors: 1
  clearStateOnDisable: 0
  tintBlack: 0
  singleSubmesh: 0
  addNormals: 0
  calculateTangents: 0
  logErrors: 0
  disableRenderingOnOverride: 1
  _animationName: Idle_1
  loop: 1
  timeScale: 1
--- !u!1 &6673421659547193440
GameObject:
  m_ObjectHideFlags: 0
  m_CorrespondingSourceObject: {fileID: 0}
  m_PrefabInstance: {fileID: 0}
  m_PrefabAsset: {fileID: 0}
  serializedVersion: 6
  m_Component:
  - component: {fileID: 5569469559056526642}
  - component: {fileID: 2766778415614773833}
  - component: {fileID: 7320945575279536775}
  m_Layer: 8
  m_Name: Collider
  m_TagString: Player
  m_Icon: {fileID: 0}
  m_NavMeshLayer: 0
  m_StaticEditorFlags: 0
  m_IsActive: 1
--- !u!4 &5569469559056526642
Transform:
  m_ObjectHideFlags: 0
  m_CorrespondingSourceObject: {fileID: 0}
  m_PrefabInstance: {fileID: 0}
  m_PrefabAsset: {fileID: 0}
  m_GameObject: {fileID: 6673421659547193440}
  m_LocalRotation: {x: 0, y: 0, z: 0, w: 1}
  m_LocalPosition: {x: 0, y: 0, z: 0}
  m_LocalScale: {x: 1, y: 1, z: 1}
  m_Children: []
  m_Father: {fileID: 2558590531652433903}
  m_RootOrder: 1
  m_LocalEulerAnglesHint: {x: 0, y: 0, z: 0}
--- !u!58 &2766778415614773833
CircleCollider2D:
  m_ObjectHideFlags: 0
  m_CorrespondingSourceObject: {fileID: 0}
  m_PrefabInstance: {fileID: 0}
  m_PrefabAsset: {fileID: 0}
  m_GameObject: {fileID: 6673421659547193440}
  m_Enabled: 1
  m_Density: 1
  m_Material: {fileID: 0}
  m_IsTrigger: 0
  m_UsedByEffector: 0
  m_UsedByComposite: 0
  m_Offset: {x: 0, y: 0}
  serializedVersion: 2
  m_Radius: 0.3
--- !u!114 &7320945575279536775
MonoBehaviour:
  m_ObjectHideFlags: 0
  m_CorrespondingSourceObject: {fileID: 0}
  m_PrefabInstance: {fileID: 0}
  m_PrefabAsset: {fileID: 0}
  m_GameObject: {fileID: 6673421659547193440}
  m_Enabled: 1
  m_EditorHideFlags: 0
  m_Script: {fileID: 11500000, guid: 17a57a1bdfdaec14398e0aaa9a769ae5, type: 3}
  m_Name: 
  m_EditorClassIdentifier: 
  coll: {fileID: 2766778415614773833}
  shipStats: {fileID: 8482192923673960260}
  shipBehavior: {fileID: 3221826363583102171}
--- !u!1001 &4019838993961330892
PrefabInstance:
  m_ObjectHideFlags: 0
  serializedVersion: 2
  m_Modification:
    m_TransformParent: {fileID: 2558590531652433903}
    m_Modifications:
    - target: {fileID: 6569681276314879915, guid: fef88e548ee524e44b98bb6a15b24500,
        type: 3}
      propertyPath: m_Name
      value: Loop
      objectReference: {fileID: 0}
    - target: {fileID: 6569693045691161625, guid: fef88e548ee524e44b98bb6a15b24500,
        type: 3}
      propertyPath: m_Name
      value: Glow
      objectReference: {fileID: 0}
    - target: {fileID: 6570061351411899721, guid: fef88e548ee524e44b98bb6a15b24500,
        type: 3}
      propertyPath: m_Name
      value: efMaxLevel 7
      objectReference: {fileID: 0}
    - target: {fileID: 6570061351411899721, guid: fef88e548ee524e44b98bb6a15b24500,
        type: 3}
      propertyPath: m_IsActive
      value: 0
      objectReference: {fileID: 0}
    - target: {fileID: 6573006616603919129, guid: fef88e548ee524e44b98bb6a15b24500,
        type: 3}
      propertyPath: m_LocalPosition.x
      value: 0
      objectReference: {fileID: 0}
    - target: {fileID: 6573006616603919129, guid: fef88e548ee524e44b98bb6a15b24500,
        type: 3}
      propertyPath: m_LocalPosition.y
      value: 0
      objectReference: {fileID: 0}
    - target: {fileID: 6573006616603919129, guid: fef88e548ee524e44b98bb6a15b24500,
        type: 3}
      propertyPath: m_LocalPosition.z
      value: 0
      objectReference: {fileID: 0}
    - target: {fileID: 6573006616603919129, guid: fef88e548ee524e44b98bb6a15b24500,
        type: 3}
      propertyPath: m_LocalRotation.x
      value: -0
      objectReference: {fileID: 0}
    - target: {fileID: 6573006616603919129, guid: fef88e548ee524e44b98bb6a15b24500,
        type: 3}
      propertyPath: m_LocalRotation.y
      value: -0
      objectReference: {fileID: 0}
    - target: {fileID: 6573006616603919129, guid: fef88e548ee524e44b98bb6a15b24500,
        type: 3}
      propertyPath: m_LocalRotation.z
      value: -0
      objectReference: {fileID: 0}
    - target: {fileID: 6573006616603919129, guid: fef88e548ee524e44b98bb6a15b24500,
        type: 3}
      propertyPath: m_LocalRotation.w
      value: 1
      objectReference: {fileID: 0}
    - target: {fileID: 6573006616603919129, guid: fef88e548ee524e44b98bb6a15b24500,
        type: 3}
      propertyPath: m_RootOrder
      value: 3
      objectReference: {fileID: 0}
    - target: {fileID: 6573006616603919129, guid: fef88e548ee524e44b98bb6a15b24500,
        type: 3}
      propertyPath: m_LocalEulerAnglesHint.x
      value: 0
      objectReference: {fileID: 0}
    - target: {fileID: 6573006616603919129, guid: fef88e548ee524e44b98bb6a15b24500,
        type: 3}
      propertyPath: m_LocalEulerAnglesHint.y
      value: 0
      objectReference: {fileID: 0}
    - target: {fileID: 6573006616603919129, guid: fef88e548ee524e44b98bb6a15b24500,
        type: 3}
      propertyPath: m_LocalEulerAnglesHint.z
      value: 0
      objectReference: {fileID: 0}
    m_RemovedComponents: []
  m_SourcePrefab: {fileID: 100100000, guid: fef88e548ee524e44b98bb6a15b24500, type: 3}
--- !u!1 &7846640237730723205 stripped
GameObject:
  m_CorrespondingSourceObject: {fileID: 6570061351411899721, guid: fef88e548ee524e44b98bb6a15b24500,
    type: 3}
  m_PrefabInstance: {fileID: 4019838993961330892}
  m_PrefabAsset: {fileID: 0}
--- !u!4 &7850149037023701973 stripped
Transform:
  m_CorrespondingSourceObject: {fileID: 6573006616603919129, guid: fef88e548ee524e44b98bb6a15b24500,
    type: 3}
  m_PrefabInstance: {fileID: 4019838993961330892}
  m_PrefabAsset: {fileID: 0}
--- !u!198 &7936464447557613719 stripped
ParticleSystem:
  m_CorrespondingSourceObject: {fileID: 6479178042309873755, guid: fef88e548ee524e44b98bb6a15b24500,
    type: 3}
  m_PrefabInstance: {fileID: 4019838993961330892}
  m_PrefabAsset: {fileID: 0}
--- !u!198 &7952848118621656183 stripped
ParticleSystem:
  m_CorrespondingSourceObject: {fileID: 6455742381962034363, guid: fef88e548ee524e44b98bb6a15b24500,
    type: 3}
  m_PrefabInstance: {fileID: 4019838993961330892}
  m_PrefabAsset: {fileID: 0}
--- !u!1001 &7690866967598906272
PrefabInstance:
  m_ObjectHideFlags: 0
  serializedVersion: 2
  m_Modification:
    m_TransformParent: {fileID: 2558590531652433903}
    m_Modifications:
    - target: {fileID: 1790239514639589867, guid: c01ad7b6598641aa854f8b70df8ced66,
        type: 3}
      propertyPath: m_Name
      value: FX_GetItem
      objectReference: {fileID: 0}
    - target: {fileID: 1790239514639818647, guid: c01ad7b6598641aa854f8b70df8ced66,
        type: 3}
      propertyPath: m_LocalPosition.x
      value: 0
      objectReference: {fileID: 0}
    - target: {fileID: 1790239514639818647, guid: c01ad7b6598641aa854f8b70df8ced66,
        type: 3}
      propertyPath: m_LocalPosition.y
      value: 0
      objectReference: {fileID: 0}
    - target: {fileID: 1790239514639818647, guid: c01ad7b6598641aa854f8b70df8ced66,
        type: 3}
      propertyPath: m_LocalPosition.z
      value: -0.15
      objectReference: {fileID: 0}
    - target: {fileID: 1790239514639818647, guid: c01ad7b6598641aa854f8b70df8ced66,
        type: 3}
      propertyPath: m_LocalRotation.x
      value: 0
      objectReference: {fileID: 0}
    - target: {fileID: 1790239514639818647, guid: c01ad7b6598641aa854f8b70df8ced66,
        type: 3}
      propertyPath: m_LocalRotation.y
      value: 0
      objectReference: {fileID: 0}
    - target: {fileID: 1790239514639818647, guid: c01ad7b6598641aa854f8b70df8ced66,
        type: 3}
      propertyPath: m_LocalRotation.z
      value: 0
      objectReference: {fileID: 0}
    - target: {fileID: 1790239514639818647, guid: c01ad7b6598641aa854f8b70df8ced66,
        type: 3}
      propertyPath: m_LocalRotation.w
      value: 1
      objectReference: {fileID: 0}
    - target: {fileID: 1790239514639818647, guid: c01ad7b6598641aa854f8b70df8ced66,
        type: 3}
      propertyPath: m_RootOrder
      value: 4
      objectReference: {fileID: 0}
    - target: {fileID: 1790239514639818647, guid: c01ad7b6598641aa854f8b70df8ced66,
        type: 3}
      propertyPath: m_LocalEulerAnglesHint.x
      value: 0
      objectReference: {fileID: 0}
    - target: {fileID: 1790239514639818647, guid: c01ad7b6598641aa854f8b70df8ced66,
        type: 3}
      propertyPath: m_LocalEulerAnglesHint.y
      value: 0
      objectReference: {fileID: 0}
    - target: {fileID: 1790239514639818647, guid: c01ad7b6598641aa854f8b70df8ced66,
        type: 3}
      propertyPath: m_LocalEulerAnglesHint.z
      value: 0
      objectReference: {fileID: 0}
    m_RemovedComponents: []
  m_SourcePrefab: {fileID: 100100000, guid: c01ad7b6598641aa854f8b70df8ced66, type: 3}
--- !u!4 &8242510461958743095 stripped
Transform:
  m_CorrespondingSourceObject: {fileID: 1790239514639818647, guid: c01ad7b6598641aa854f8b70df8ced66,
    type: 3}
  m_PrefabInstance: {fileID: 7690866967598906272}
  m_PrefabAsset: {fileID: 0}
--- !u!198 &8242510461958802021 stripped
ParticleSystem:
  m_CorrespondingSourceObject: {fileID: 1790239514639888837, guid: c01ad7b6598641aa854f8b70df8ced66,
    type: 3}
  m_PrefabInstance: {fileID: 7690866967598906272}
  m_PrefabAsset: {fileID: 0}
--- !u!1001 &9214785443506273008
PrefabInstance:
  m_ObjectHideFlags: 0
  serializedVersion: 2
  m_Modification:
    m_TransformParent: {fileID: 2558590531652433903}
    m_Modifications:
    - target: {fileID: 1034441864241314, guid: 8421182fb241b1549825b9f308885622, type: 3}
      propertyPath: m_Name
      value: Fire_ship6
      objectReference: {fileID: 0}
    - target: {fileID: 4247029250690272, guid: 8421182fb241b1549825b9f308885622, type: 3}
      propertyPath: m_LocalPosition.x
      value: 0
      objectReference: {fileID: 0}
    - target: {fileID: 4247029250690272, guid: 8421182fb241b1549825b9f308885622, type: 3}
      propertyPath: m_LocalPosition.y
      value: 0.21
      objectReference: {fileID: 0}
    - target: {fileID: 4247029250690272, guid: 8421182fb241b1549825b9f308885622, type: 3}
      propertyPath: m_LocalPosition.z
      value: 0
      objectReference: {fileID: 0}
    - target: {fileID: 4247029250690272, guid: 8421182fb241b1549825b9f308885622, type: 3}
      propertyPath: m_LocalRotation.x
      value: 0
      objectReference: {fileID: 0}
    - target: {fileID: 4247029250690272, guid: 8421182fb241b1549825b9f308885622, type: 3}
      propertyPath: m_LocalRotation.y
      value: 0
      objectReference: {fileID: 0}
    - target: {fileID: 4247029250690272, guid: 8421182fb241b1549825b9f308885622, type: 3}
      propertyPath: m_LocalRotation.z
      value: 0
      objectReference: {fileID: 0}
    - target: {fileID: 4247029250690272, guid: 8421182fb241b1549825b9f308885622, type: 3}
      propertyPath: m_LocalRotation.w
      value: 1
      objectReference: {fileID: 0}
    - target: {fileID: 4247029250690272, guid: 8421182fb241b1549825b9f308885622, type: 3}
      propertyPath: m_RootOrder
      value: 2
      objectReference: {fileID: 0}
    - target: {fileID: 4247029250690272, guid: 8421182fb241b1549825b9f308885622, type: 3}
      propertyPath: m_LocalEulerAnglesHint.x
      value: 0
      objectReference: {fileID: 0}
    - target: {fileID: 4247029250690272, guid: 8421182fb241b1549825b9f308885622, type: 3}
      propertyPath: m_LocalEulerAnglesHint.y
      value: 0
      objectReference: {fileID: 0}
    - target: {fileID: 4247029250690272, guid: 8421182fb241b1549825b9f308885622, type: 3}
      propertyPath: m_LocalEulerAnglesHint.z
      value: 0
      objectReference: {fileID: 0}
    - target: {fileID: 4814045130654146, guid: 8421182fb241b1549825b9f308885622, type: 3}
      propertyPath: m_LocalPosition.y
      value: -0.01
      objectReference: {fileID: 0}
    m_RemovedComponents: []
  m_SourcePrefab: {fileID: 100100000, guid: 8421182fb241b1549825b9f308885622, type: 3}
--- !u!4 &9218420040434923024 stripped
Transform:
  m_CorrespondingSourceObject: {fileID: 4247029250690272, guid: 8421182fb241b1549825b9f308885622,
    type: 3}
  m_PrefabInstance: {fileID: 9214785443506273008}
  m_PrefabAsset: {fileID: 0}
--- !u!198 &9016252048444707106 stripped
ParticleSystem:
  m_CorrespondingSourceObject: {fileID: 198536607975795666, guid: 8421182fb241b1549825b9f308885622,
    type: 3}
  m_PrefabInstance: {fileID: 9214785443506273008}
  m_PrefabAsset: {fileID: 0}
